[ AOE2 MATCH · #505738052 ]
UnrankedEthiopians vs Hindustanis
Player's team · LOSS
[ REPLAY ANALYSIS · EXTRACTED FROM THE RECORDED GAME ]
Feudal
8:25
Castle
24:16
Imperial
34:21
| APM avg | 50.9 |
| APM peak | 102 |
| eAPM avg | 28.7 |
| Villagers / military | 148 / 126 |
Focus
⚔️ 37.5% · 🌾 62.5%
Archer ×92 · Skirmisher ×11 · Bombard Cannon ×10 · Shotel Warrior ×9 · Monk ×2 · Trebuchet (Packed) ×2
Feudal
11:45
Castle
15:20
Imperial
32:39
| APM avg | 57.9 |
| APM peak | 100 |
| eAPM avg | 33.0 |
| Villagers / military | 119 / 90 |
Focus
⚔️ 30.9% · 🌾 69.1%
Ghulam ×51 · Hand Cannoneer ×20 · Bombard Cannon ×5 · Trebuchet (Packed) ×5 · Mangonel ×4 · Monk ×3
Match map
Initial resources + every placement click. Lines = walls · curves = elevation contours. ◆ gold · ⬟ stone · ● berries · ✦ relic · ◌ wall gap
Your base· ✓ Closed at 24:16 · 0t walls · 2 gate(s)
ThunderboltX's base· ✓ Closed at 15:20 · 19t walls · 2 gate(s)
Smoothed initial terrain · ◌ = detected wall gap · hover for details
Inputs per minute
— RoR | Benanji - - ThunderboltX
Build order — RoR | Benanji
First 150 of 392 actions detected
| 0:00 | Create | Villager (Male) |
| 0:00 | Create | Villager (Male) |
| 0:01 | Build | House |
| 0:02 | Build | House |
| 0:02 | Create | Villager (Male) |
| 0:02 | Create | Villager (Male) |
| 1:24 | Create | Villager (Male) |
| 1:42 | Build | Lumber Camp |
| 2:01 | Create | Villager (Male) |
| 2:13 | Build | House |
| 2:15 | Create | Villager (Male) |
| 2:46 | Create | Villager (Male) |
| 3:11 | Create | Villager (Male) |
| 3:11 | Create | Villager (Male) |
| 3:36 | Create | Villager (Male) |
| 4:07 | Create | Villager (Male) |
| 4:25 | Create | Villager (Male) |
| 4:38 | Build | Mining Camp |
| 4:44 | Create | Villager (Male) |
| 4:45 | Create | Villager (Male) |
| 4:45 | Research | Loom |
| 6:12 | Research | Feudal Age |
| 6:38 | Create | Villager (Male) |
| 7:17 | Build | House |
| 7:48 | Build | Barracks |
| 8:25 | Age | Feudal Age |
| 8:27 | Research | Double-Bit Axe |
| 8:29 | Build | Watch Tower |
| 8:30 | Create | Villager (Male) |
| 8:48 | Create | Villager (Male) |
| 9:01 | Create | Villager (Male) |
| 9:02 | Build | Mill |
| 9:53 | Create | Villager (Male) |
| 10:23 | Build | Mill |
| 10:34 | Create | Villager (Male) |
| 10:48 | Build | Archery Range |
| 10:59 | Create | Villager (Male) |
| 10:59 | Create | Villager (Male) |
| 11:04 | Build | House |
| 11:19 | Build | Watch Tower |
| 11:20 | Create | Villager (Male) |
| 11:20 | Create | Villager (Male) |
| 11:41 | Create | Archer |
| 11:41 | Create | Archer |
| 11:46 | Create | Villager (Male) |
| 12:15 | Create | Villager (Male) |
| 12:17 | Create | Villager (Male) |
| 12:20 | Build | House |
| 12:25 | Create | Archer |
| 12:31 | Build | Watch Tower |
| 12:39 | Create | Archer |
| 12:53 | Create | Villager (Male) |
| 12:54 | Build | Blacksmith |
| 13:20 | Build | Farm |
| 13:28 | Create | Villager (Male) |
| 13:36 | Build | Mining Camp |
| 13:43 | Research | Fletching |
| 14:00 | Create | Villager (Male) |
| 14:05 | Create | Villager (Male) |
| 14:24 | Create | Villager (Male) |
| 14:34 | Research | Town Watch |
| 14:35 | Build | House |
| 14:36 | Create | Archer |
| 14:38 | Build | House |
| 14:45 | Build | House |
| 14:57 | Create | Villager (Male) |
| 15:02 | Create | Villager (Male) |
| 15:09 | Build | Farm |
| 15:11 | Research | Horse Collar |
| 15:22 | Create | Archer |
| 15:22 | Create | Archer |
| 15:26 | Create | Villager (Male) |
| 15:42 | Build | Watch Tower |
| 15:44 | Create | Archer |
| 15:55 | Build | Farm |
| 15:56 | Build | Farm |
| 16:05 | Create | Villager (Male) |
| 16:19 | Create | Villager (Male) |
| 16:19 | Create | Villager (Male) |
| 16:28 | Create | Villager (Male) |
| 16:28 | Create | Archer |
| 16:34 | Build | Farm |
| 16:53 | Create | Villager (Male) |
| 16:54 | Build | House |
| 17:20 | Create | Villager (Male) |
| 17:26 | Build | Watch Tower |
| 17:31 | Create | Villager (Male) |
| 17:34 | Create | Villager (Male) |
| 17:36 | Create | Archer |
| 17:39 | Build | Farm |
| 17:40 | Build | Farm |
| 17:41 | Create | Archer |
| 17:46 | Build | House |
| 18:07 | Create | Villager (Male) |
| 18:07 | Create | Villager (Male) |
| 18:14 | Create | Archer |
| 18:16 | Build | Farm |
| 18:18 | Build | Farm |
| 18:27 | Create | Villager (Male) |
| 18:33 | Build | Farm |
| 18:43 | Build | Watch Tower |
| 19:02 | Create | Villager (Male) |
| 19:05 | Build | Watch Tower |
| 19:07 | Create | Archer |
| 19:07 | Create | Archer |
| 19:16 | Create | Villager (Male) |
| 19:17 | Create | Villager (Male) |
| 19:45 | Create | Villager (Male) |
| 19:45 | Create | Villager (Male) |
| 20:07 | Create | Villager (Male) |
| 20:07 | Create | Villager (Male) |
| 20:13 | Create | Archer |
| 20:13 | Create | Archer |
| 20:21 | Create | Villager (Male) |
| 20:30 | Build | Farm |
| 20:31 | Build | Farm |
| 20:36 | Build | Farm |
| 20:41 | Build | Lumber Camp |
| 21:16 | Build | Farm |
| 21:17 | Build | Farm |
| 21:17 | Build | Farm |
| 21:36 | Research | Castle Age |
| 21:58 | Create | Villager (Male) |
| 22:08 | Create | Villager (Male) |
| 23:08 | Research | Gold Mining |
| 23:10 | Build | Market |
| 23:48 | Create | Archer |
| 23:48 | Create | Archer |
| 24:16 | Age | Castle Age |
| 24:17 | Build | Town Center |
| 24:20 | Build | Town Center |
| 24:26 | Create | Villager (Male) |
| 24:28 | Build | Town Center |
| 24:29 | Create | Villager (Male) |
| 24:31 | Research | Bow Saw |
| 24:44 | Create | Archer |
| 24:45 | Create | Villager (Male) |
| 25:05 | Create | Villager (Male) |
| 25:15 | Create | Villager (Male) |
| 25:25 | Build | Monastery |
| 25:27 | Create | Villager (Male) |
| 25:28 | Create | Villager (Male) |
| 25:28 | Create | Villager (Male) |
| 25:40 | Create | Villager (Male) |
| 25:41 | Create | Villager (Male) |
| 25:44 | Build | Farm |
| 25:49 | Create | Villager (Male) |
| 25:56 | Research | Wheelbarrow |
| 25:57 | Create | Monk |
| 25:58 | Create | Villager (Male) |
Build order — ThunderboltX
First 150 of 341 actions detected
| 0:00 | Create | Villager (Male) |
| 0:01 | Build | House |
| 0:02 | Build | House |
| 0:15 | Create | Villager (Male) |
| 0:15 | Create | Villager (Male) |
| 0:15 | Create | Villager (Male) |
| 1:09 | Create | Villager (Male) |
| 1:28 | Create | Villager (Male) |
| 1:49 | Build | Lumber Camp |
| 2:07 | Create | Villager (Male) |
| 2:18 | Create | Villager (Male) |
| 3:01 | Create | Villager (Male) |
| 3:13 | Create | Villager (Male) |
| 3:32 | Create | Villager (Male) |
| 3:51 | Build | House |
| 3:54 | Create | Villager (Male) |
| 4:08 | Create | Villager (Male) |
| 4:39 | Build | House |
| 4:51 | Build | Mill |
| 5:09 | Create | Villager (Male) |
| 5:09 | Create | Villager (Male) |
| 5:28 | Create | Villager (Male) |
| 5:54 | Build | Mill |
| 6:06 | Create | Villager (Male) |
| 6:56 | Create | Villager (Male) |
| 7:23 | Create | Villager (Male) |
| 7:44 | Create | Villager (Male) |
| 7:53 | Build | Farm |
| 7:55 | Build | Farm |
| 8:00 | Create | Villager (Male) |
| 8:18 | Research | Feudal Age |
| 8:27 | Build | Mining Camp |
| 8:37 | Create | Villager (Male) |
| 8:37 | Research | Loom |
| 8:38 | Research | Feudal Age |
| 9:37 | Create | Villager (Male) |
| 9:37 | Create | Villager (Male) |
| 9:50 | Build | Palisade Wall |
| 9:57 | Build | House |
| 10:26 | Build | Palisade Wall |
| 10:31 | Build | Palisade Wall |
| 10:46 | Build | Farm |
| 11:45 | Age | Feudal Age |
| 11:48 | Build | Watch Tower |
| 11:53 | Build | Market |
| 11:54 | Build | Blacksmith |
| 12:21 | Build | Mining Camp |
| 12:40 | Research | Castle Age |
| 12:44 | Research | Fletching |
| 13:00 | Build | Stone Wall |
| 13:24 | Research | Double-Bit Axe |
| 13:24 | Research | Double-Bit Axe |
| 13:55 | Build | House |
| 13:58 | Create | Villager (Male) |
| 14:02 | Research | Horse Collar |
| 14:05 | Build | Farm |
| 14:40 | Create | Villager (Male) |
| 15:20 | Age | Castle Age |
| 15:25 | Build | Siege Workshop |
| 15:28 | Build | Farm |
| 15:28 | Create | Villager (Male) |
| 15:43 | Build | House |
| 15:46 | Build | House |
| 15:49 | Create | Villager (Male) |
| 15:53 | Create | Mangonel |
| 16:06 | Create | Villager (Male) |
| 16:18 | Build | House |
| 16:35 | Build | Watch Tower |
| 16:46 | Build | Stone Wall |
| 16:55 | Build | Stone Wall |
| 17:04 | Build | Stone Wall |
| 17:07 | Create | Mangonel |
| 17:07 | Create | Villager (Male) |
| 17:09 | Build | Farm |
| 17:10 | Build | Farm |
| 17:19 | Build | Stone Wall |
| 17:21 | Build | Stone Wall |
| 17:33 | Create | Villager (Male) |
| 17:34 | Build | Farm |
| 17:34 | Build | Farm |
| 17:39 | Create | Villager (Male) |
| 18:06 | Create | Villager (Male) |
| 18:06 | Create | Mangonel |
| 18:35 | Create | Villager (Male) |
| 18:38 | Build | Farm |
| 19:03 | Create | Villager (Male) |
| 20:11 | Create | Villager (Male) |
| 20:30 | Create | Villager (Male) |
| 20:51 | Create | Villager (Male) |
| 20:55 | Create | Scorpion |
| 21:03 | Build | House |
| 21:59 | Create | Villager (Male) |
| 22:00 | Create | Villager (Male) |
| 22:02 | Build | Farm |
| 22:10 | Create | Villager (Male) |
| 22:58 | Build | Stone Wall |
| 23:04 | Create | Villager (Male) |
| 23:06 | Create | Villager (Male) |
| 23:09 | Build | Town Center |
| 23:11 | Build | Lumber Camp |
| 23:33 | Create | Villager (Male) |
| 23:41 | Create | Villager (Male) |
| 23:47 | Create | Villager (Male) |
| 23:50 | Build | Monastery |
| 23:58 | Build | Outpost |
| 24:01 | Research | Town Watch |
| 24:01 | Research | Wheelbarrow |
| 24:06 | Research | Bow Saw |
| 24:09 | Build | Farm |
| 24:10 | Build | Farm |
| 24:12 | Build | Farm |
| 24:12 | Create | Villager (Male) |
| 24:20 | Create | Villager (Male) |
| 24:25 | Build | Outpost |
| 24:36 | Create | Monk |
| 24:49 | Create | Villager (Male) |
| 24:51 | Create | Villager (Male) |
| 24:54 | Build | Farm |
| 24:55 | Build | Farm |
| 24:58 | Build | Farm |
| 25:00 | Build | Farm |
| 25:03 | Create | Villager (Male) |
| 25:09 | Create | Villager (Male) |
| 25:21 | Build | Outpost |
| 25:23 | Create | Monk |
| 25:26 | Create | Villager (Male) |
| 25:37 | Create | Scorpion |
| 25:38 | Create | Villager (Male) |
| 25:56 | Build | Farm |
| 25:56 | Build | Farm |
| 25:59 | Build | Farm |
| 26:01 | Build | Farm |
| 26:04 | Build | Farm |
| 26:04 | Create | Villager (Male) |
| 26:16 | Research | Sanctity |
| 26:17 | Create | Villager (Male) |
| 26:18 | Create | Monk |
| 26:23 | Create | Villager (Male) |
| 26:27 | Create | Mangonel |
| 26:38 | Create | Villager (Male) |
| 26:40 | Build | Farm |
| 26:41 | Build | Farm |
| 26:41 | Build | Farm |
| 26:44 | Build | House |
| 27:04 | Build | House |
| 27:05 | Build | House |
| 27:23 | Create | Villager (Male) |
| 27:27 | Create | Villager (Male) |
| 27:28 | Create | Villager (Male) |
| 28:14 | Create | Villager (Male) |
Match timeline
| 7:48 | RoR | Benanji · first_building Barracks |
| 8:25 | RoR | Benanji · age_up feudal |
| 9:50 | ThunderboltX · wall_segment Palisade Wall x1 |
| 10:26 | ThunderboltX · wall_segment Palisade Wall x8 |
| 10:31 | ThunderboltX · wall_segment Palisade Wall x8 |
| 10:48 | RoR | Benanji · first_building Archery Range |
| 11:45 | ThunderboltX · age_up feudal |
| 13:00 | ThunderboltX · wall_segment Stone Wall x2 |
| 15:20 | ThunderboltX · age_up castle |
| 15:25 | ThunderboltX · first_building Siege Workshop |
| 16:46 | ThunderboltX · wall_segment Stone Wall x6 |
| 16:55 | ThunderboltX · wall_segment Stone Wall x1 |
| 17:04 | ThunderboltX · wall_segment Stone Wall x1 |
| 17:19 | ThunderboltX · wall_segment Stone Wall x1 |
| 17:21 | ThunderboltX · wall_segment Stone Wall x2 |
| 22:58 | ThunderboltX · wall_segment Stone Wall x2 |
| 23:50 | ThunderboltX · first_building Monastery |
| 24:04 | RoR | Benanji · first_market_buy 100 wood |
| 24:06 | ThunderboltX · first_market_buy 100 food |
| 24:16 | RoR | Benanji · age_up castle |
| 25:25 | RoR | Benanji · first_building Monastery |
| 28:42 | ThunderboltX · first_market_sell 100 wood |
| 29:33 | ThunderboltX · first_building Castle |
| 30:24 | RoR | Benanji · first_building Castle |
| 30:33 | RoR | Benanji · first_market_sell 100 food |
| 32:36 | RoR | Benanji · first_building Siege Workshop |
| 32:39 | ThunderboltX · age_up imperial |
| 34:08 | ThunderboltX · first_building Barracks |
| 34:21 | RoR | Benanji · age_up imperial |
| 34:53 | ThunderboltX · first_building Archery Range |
| 36:23 | RoR | Benanji · wall_segment Stone Wall x1 |
| 37:40 | ThunderboltX · wall_segment Stone Wall x4 |
| 38:39 | ThunderboltX · wall_segment Stone Wall x1 |
| 42:15 | RoR | Benanji · resign |
[ AI ANALYSIS · 1 CREDIT ]
What really happened in this match?
Wolo.gg analyzes every decision: build order, eco, micro, common mistakes by bracket. Personalized analysis on WhatsApp or Discord in 30 seconds.
Civ guide
Ethiopians
Perfil
Benanji